 Dungeon Crawl Stone Soup version 0.23.2 (webtiles) character file.

Game seed: 14000062558668192559

149152 Fang the Warrior (level 17, -10/175 HPs)
             Began as a Gargoyle Berserker on Apr 2, 2019.
             Was the Champion of Trog.
             Mangled by an alligator (15 damage)
             ... led by an alligator
             ... called by a spriggan druid
             ... on level 3 of the Swamp.
             The game lasted 00:38:18 (28811 turns).

Fang the Warrior (Gargoyle Berserker)              Turns: 28811, Time: 00:38:19

Health: -10/175    AC: 36    Str: 36    XL:     17   Next: 50%
Magic:  17/17      EV: 14    Int: 10    God:    Trog [******]
Gold:   1737       SH:  0    Dex:  9    Spells: 16/16 levels left

rFire    + . .     SeeInvis +   O - +5 war axe (flame)
rCold    + . .     Gourm    +   (no shield)
rNeg     + . .     Faith    .   x - +2 plate armour
rPois    ∞         Spirit   .   k - +2 hat {MR+}
rElec    +         Reflect  .   g - scarf {rC+ rF+}
rCorr    .         Harm     .   (no gloves)
MR       ++...                  w - +1 pair of boots
Stlth    ..........             a - amulet of the gourmand
HPRegen  0.39/turn              Q - ring of see invisible
MPRegen  0.15/turn              z - +5 ring of strength

@: berserking (expiring), flying, very quick
A: big wings, negative energy resistance 1, electricity resistance, unbreathing,
petrification resistance, rot immunity, AC +12
a: Stop Flying, Berserk, Trog's Hand, Brothers in Arms, Renounce Religion


You were on level 3 of the Swamp.
You worshipped Trog.
Trog was exalted by your worship.
You were not hungry.

You visited 5 branches of the dungeon, and saw 27 of its levels.

You collected 2721 gold pieces.
You spent 984 gold pieces at shops.

Inventory:

Hand Weapons
 B - the +9 executioner's axe of Peace {holy, Str+4 Int-5 Stlth+}
   (You bought it in a shop on level 11 of the Dungeon)

   It has been blessed by the Shining One to cause great damage to the undead
   and demons.
   It affects your strength (+4).
   It affects your intelligence (-5).
   It makes you more stealthy.
 G - a +4 battleaxe of freezing
 I - a +5 antimagic executioner's axe
 N - a +4 battleaxe of chopping
 O - a +5 war axe of flaming (weapon)
 T - a +4 battleaxe
Armour
 g - a scarf of resistance (worn)
 k - a +2 hat of magic resistance (worn)
 w - a +1 pair of boots (worn)
 x - a +2 plate armour (worn)
Jewellery
 a - an amulet of the gourmand (around neck)
 j - a +4 ring of protection
 p - a +1 ring of evasion
 z - a +5 ring of strength (right hand)
 H - a +1 ring of evasion
 K - a +4 amulet of reflection
 M - an uncursed ring of protection from fire
 Q - a ring of see invisible (left hand)
 U - an uncursed amulet of rage
Wands
 t - a wand of paralysis (22)
 C - a wand of acid (27)
 E - a wand of random effects (50)
 L - a wand of flame (49)
 P - a wand of polymorph (10)
 S - a wand of iceblast (9)
Scrolls
 f - 17 scrolls of remove curse
 h - 13 scrolls of teleportation
 i - a scroll of enchant armour
 l - 2 scrolls of fear
 m - 9 scrolls of blinking
 n - 3 scrolls of identify
 o - 3 scrolls of magic mapping
 r - 2 scrolls of holy word
Potions
 b - 12 potions of curing
 d - 7 potions of brilliance
 e - 5 potions of haste
 s - a potion of might
 u - 3 potions of invisibility
 v - 3 potions of mutation
 A - 5 potions of cancellation
 D - a potion of ambrosia
 F - 2 potions of heal wounds
 J - 3 potions of magic
 R - 2 potions of agility
Comestibles
 c - 44 rations


   Skills:
 + Level 17.0 Fighting
 + Level 14.7 Axes
 + Level 15.9 Armour
 + Level 12.7 Dodging


You had 16 spell levels left.
You didn't know any spells.
Your spell library was empty.

Dungeon Overview and Level Annotations

Branches:
Dungeon (15/15) Temple (1/1) D:4 Lair (6/6) D:8 Swamp (3/4) Lair:4 Spider (0/4) Lair:3 Slime (0/5) Lair:6 Orc (2/2) D:11 Elf (0/3) Orc:2 Vaults (0/5) D:13 D:14 Depths (0/5) D:15

Altars:
Ashenzari
Elyvilon
Fedhas
Hepliaklqana
Kikubaaqudgha
Makhleb
Nemelex Xobeh
Sif Muna
Trog
Vehumet
Xom
Yredelemnul
Beogh

Shops:
D:7 *   D:11 [(   Orc:2 **:*:

Annotations:
D:8 1 runed translucent door, Dharzhak's ghost, novice MiFi
D:11 2 runed translucent doors, komi's ghost, journeyman OpBe
Lair:5 3 runed translucent doors, Panli's ghost, journeyman CeAM


Innate Abilities, Weirdness & Mutations

You are resistant to torment.
Your stone body is resilient. (AC +12)
You are immune to poison.
Your large and strong wings let you fly indefinitely.
You resist negative energy. (rN+)
You are resistant to electric shocks. (rElec)
You can survive without breathing.
You are immune to petrification.
You are immune to rotting.


Message History

The alligator tail-slaps you but does no damage.
You slice the spriggan!! You burn the spriggan.
You kill the spriggan!
Trog accepts your kill.
You hear a splash. x3
You barely miss the vampire mosquito. The spriggan blocks your attack.
You closely miss the alligator. The alligator bites you!!
* * * LOW HITPOINT WARNING * * *
The alligator tail-slaps you but does no damage.
The vampire mosquito bites you but does no damage.
You closely miss the vampire mosquito. You hit the alligator.
You burn the alligator. The spriggan blocks your attack.
The spriggan hits you but does no damage.
The vampire mosquito barely misses you.
You barely miss the alligator.
The alligator is lightly wounded.
You closely miss the vampire mosquito. You slash the vampire mosquito!
You burn the vampire mosquito. You slash the spriggan! You burn the spriggan.
The alligator bites you!
You die...

.♣≈♣♣ .♣ ♣♣§...♣....♣♣
♣♣≈♣♣.≈♣≈.....
♣♣≈≈≈♣...≈≈..≈.
♣♣≈≈≈≈≈♣....≈≈.
♣≈≈≈≈≈≈≈.≈≈≈≈.
♣≈≈≈≈≈♣..≈♣♣♣
♣♣♣♣♣♣♣♣≈≈≈≈♣≈[i...♣♣♣
♣≈..≈..≈≈≈≈♣[(†y@t...♣
≈...≈≈≈≈≈○≈♣♣†♣y.≈≈≈≈...
.<<≈≈≈≈≈≈≈♣♣≈≈..≈w≈≈.≈.♣
≈..≈≈≈≈≈≈≈♣♣♣≈♣≈.≈.≈≈.≈.
♣♣..≈≈≈≈≈≈♣≈k♣♣♣♣≈..♣.≈.
♣♣≈≈≈≈≈≈≈≈≈... ♣....##
≈....≈≈≈≈..≈≈≈ ♣≈.≈#
≈≈.>.≈≈≈..≈≈≈≈≈ .≈≈≈
≈≈.≈≈≈.≈≈§≈≈≈≈≈


You could see a death drake, an alligator, a swamp worm, 2 vampire mosquitoes
and a spriggan.

Vanquished Creatures
  Rupert (Lair:5)
  Frances (Swamp:1)
  2 very ugly things
  Nessos (D:14)
  Josephine (D:11)
  Snorg (Orc:2)
  A fire dragon (Lair:6)
  The ghost of Bargorn the Carver, a journeyman MiGl of Uskayaw (Orc:1)
  15 hydras
  2 catoblepae
  7 centaur warriors
  A ghost crab (Swamp:1)
  Erica (D:11)
  13 two-headed ogres
  6 alligators
  A death knight (D:14)
  2 ogre magi (D:15)
  2 orc high priests (Orc:1)
  A tengu warrior (D:14)
  A death yak (Lair:5)
  Urug (D:11)
  Nergalle (D:11)
  Sonja (Lair:1)
  A skeletal warrior (D:14)
  A spriggan druid (Swamp:3)
  3 unseen horrors
  5 swamp dragons
  2 wizards (D:15)
  2 wolf spiders (Lair:6)
  4 orc knights
  4 deep elf magi
  A necromancer (D:15)
  9 ugly things
  3 oklob plants (Lair:6)
  9 slime creatures
  3 orc sorcerers
  23 elephants
  5 cyclopes
  11 black mambas
  A black mamba (shapeshifter) (D:14)
  Joseph (Lair:1)
  A guardian serpent (Lair:6)
  A torpor snail (Lair:5)
  Maurice (D:11)
  16 spiny frogs
  2 gargoyles (D:15)
  3 centaur skeletons
  An efreet (D:15)
  10 komodo dragons
  2 kobold demonologists
  2 rime drakes (Lair:6)
  2 freezing wraiths (D:14)
  A troll (shapeshifter) (D:14)
  A polar bear (Lair:3)
  3 trolls
  4 tyrant leeches
  23 blink frogs
  2 bog bodies (Swamp:2)
  6 hornets
  10 hippogriffs
  4 spriggans
  2 shadows (Swamp:1)
  A centaur simulacrum (D:15)
  A vampire (D:6)
  3 redbacks (Lair:6)
  3 hogs (D:7)
  4 wraiths
  36 yaks
  4 basilisks
  17 humans
  Grum (D:11)
  20 wyverns
  A hungry ghost (D:13)
  27 vampire mosquitoes
  Menkaure (D:6)
  A steam dragon (Lair:6)
  10 swamp worms
  7 wargs
  An insubstantial wisp (Swamp:3)
  17 water moccasins
  11 porcupines
  3 sky beasts
  6 ice beasts
  7 swamp drakes
  5 black bears
  An eye of draining (D:11)
  39 orc warriors
  5 phantoms
  3 necrophages
  15 wolves
  14 ogres
  34 centaurs
  13 crocodiles
  3 big kobolds
  2 wyvern zombies
  18 bullfrogs
  A water moccasin zombie (D:10)
  A wyvern skeleton (D:10)
  7 scorpions
  10 killer bees (D:11)
  5 howler monkeys
  4 wights
  2 electric eels (D:8)
  The ghost of withersans the Ducker, a weakling DEMo (D:3)
  3 crimson imps
  3 centaur zombies
  12 jellies
  Crazy Yiuf (D:5)
  17 orc priests
  7 hounds
  4 bullfrog skeletons
  Jessica (D:9)
  3 iguanas
  15 orc wizards
  Natasha (thrice) (D:2)
  10 worker ants
  2 mummies (D:6)
  2 hound skeletons (D:10)
  A howler monkey zombie (D:6)
  4 gnolls (D:3)
  A howler monkey skeleton (D:7)
  A worker ant zombie (D:5)
  10 adders
  A river rat (Lair:5)
  5 shadow imps
  12 white imps (Lair:4)
  An ooze (D:4)
  4 adder zombies
  An adder skeleton (D:4)
  8 worms
  2 dart slugs
  4 leopard geckos
  105 orcs
  3 ball pythons
  6 giant cockroaches
  6 hobgoblins
  12 jackals
  15 kobolds
  7 quokkas
  10 bats
  8 frilled lizards
  6 goblins
  A leopard gecko zombie (D:9)
  10 rats
  10 fungi
  11 plants
962 creatures vanquished.

Vanquished Creatures (collateral kills)
  A thorn hunter (Swamp:2)
  Fannar (D:12)
  2 deep elf magi (D:12)
  2 slime creatures (D:12)
  A centaur skeleton (D:12)
  A wraith (D:6)
  3 orc warriors (Orc:1)
  An ogre (Orc:1)
  A centaur (D:12)
  A scorpion (D:12)
  An orc priest (Orc:1)
  A worker ant (D:12)
  An orc (Orc:1)
17 creatures vanquished.

Vanquished Creatures (others)
  Aizul (Swamp:1)
  An orc priest (Orc:2)
  An orc wizard (Orc:2)
  A briar patch (Swamp:2)
  6 fungi
  10 plants
20 creatures vanquished.

Grand Total: 999 creatures vanquished

Notes
Turn   | Place    | Note
-------+----------+-------------------------------------------
     0 | D:1      | Fang the Gargoyle Berserker began the quest for the Orb.
     0 | D:1      | Reached XP level 1. HP: 14/14 MP: 1/1
   295 | D:1      | Reached XP level 2. HP: 14/19 MP: 2/2
   412 | D:1      | You fall through a shaft!
   493 | D:2      | Noticed Natasha
   499 | D:2      | Noticed a crimson imp
   506 | D:2      | Noticed a crimson imp
   509 | D:2      | Killed Natasha
   509 | D:2      | Reached XP level 3. HP: 15/24 MP: 3/3
   774 | D:2      | Reached XP level 4. HP: 23/29 MP: 4/4
   787 | D:2      | Reached ** piety under Trog
   787 | D:2      | Reached skill level 4 in Fighting
   948 | D:2      | Noticed Natasha
   955 | D:2      | Killed Natasha
   955 | D:2      | Reached XP level 5. HP: 23/33 MP: 5/5
   967 | D:2      | Found a blossoming altar of Fedhas.
  1100 | D:2      | Noticed Natasha
  1108 | D:2      | Killed Natasha
  2008 | D:3      | Reached *** piety under Trog
  2031 | D:3      | Found a runed translucent gate.
  2031 | D:3      | Found a runed translucent gate.
  2033 | D:3      | Found a runed translucent gate.
  2034 | D:3      | Noticed withersans's ghost (weakling DEMo)
  2049 | D:3      | Killed withersans's ghost
  2049 | D:3      | Reached XP level 6. HP: 39/39 MP: 6/6
  2488 | D:4      | Found a shimmering altar of Xom.
  2589 | D:4      | Noticed a phantom
  2672 | D:4      | Killed a phantom
  2672 | D:4      | Reached skill level 5 in Fighting
  2672 | D:4      | Reached XP level 7. HP: 25/44 MP: 7/7
  3194 | D:4      | Found a staircase to the Ecumenical Temple.
  3267 | Temple   | Entered the Ecumenical Temple
  3480 | D:4      | Reached **** piety under Trog
  3769 | D:4      | Reached skill level 5 in Armour
  3866 | D:4      | Reached XP level 8. HP: 40/51 MP: 6/8
  4097 | D:4      | Reached skill level 6 in Fighting
  4395 | D:5      | Entered Level 5 of the Dungeon
  4426 | D:5      | Reached skill level 5 in Axes
  4521 | D:5      | Found a hazy altar of Hepliaklqana.
  5226 | D:5      | Reached skill level 7 in Fighting
  5226 | D:5      | Reached XP level 9. HP: 32/57 MP: 6/9
  5466 | D:5      | Reached skill level 5 in Dodging
  5529 | D:5      | Found a runed translucent door.
  5530 | D:5      | Noticed Crazy Yiuf
  5658 | D:5      | Killed Crazy Yiuf
  6549 | D:6      | Found a transporter.
  6556 | D:6      | Found an ancient bone altar of Kikubaaqudgha.
  6558 | D:6      | Found a transporter.
  6823 | D:6      | Noticed Menkaure
  6824 | D:6      | Found a basalt altar of Yredelemnul.
  7217 | D:6      | Found a white marble altar of Elyvilon.
  7220 | D:6      | Found a bloodstained altar of Trog.
  7473 | D:6      | Killed Menkaure
  7473 | D:6      | Reached ***** piety under Trog
  7482 | D:6      | Reached skill level 8 in Fighting
  7518 | D:6      | Paralysed by fainting for 12 turns
  7731 | D:7      | Reached XP level 10. HP: 64/64 MP: 10/10
  7781 | D:7      | Found Xots's General Store.
  8593 | D:7      | Found a burning altar of Makhleb.
  8976 | D:8      | Found a staircase to the Lair.
  9247 | D:8      | Reached skill level 9 in Fighting
  9300 | D:8      | Found a runed translucent door.
  9300 | D:8      | Noticed Dharzhak's ghost (novice MiFi)
  9492 | D:8      | Noticed a two-headed ogre
  9500 | D:8      | Killed a two-headed ogre
  9855 | D:8      | Found a shattered altar of Ashenzari.
  9970 | D:9      | Reached XP level 11. HP: 52/71 MP: 11/11
 10264 | D:9      | Noticed a two-headed ogre
 10270 | D:9      | Killed a two-headed ogre
 10270 | D:9      | Reached skill level 10 in Fighting
 10337 | D:9      | Found a sparkling altar of Nemelex Xobeh.
 10337 | D:9      | Noticed Jessica
 10342 | D:9      | Killed Jessica
 10502 | D:10     | Entered Level 10 of the Dungeon
 10566 | D:10     | Killed an unseen horror
 10629 | D:10     | Received a gift from Trog
 10670 | D:10     | Reached skill level 10 in Armour
 10795 | D:10     | Reached skill level 12 in Fighting
 10795 | D:10     | Reached skill level 10 in Axes
 10795 | D:10     | Reached XP level 12. HP: 79/81 MP: 2/12
 11204 | Lair:1   | Entered Level 1 of the Lair of Beasts
 11658 | Lair:1   | Noticed Joseph
 11674 | Lair:1   | Killed Joseph
 12071 | Lair:1   | Noticed Sonja
 12084 | Lair:1   | Killed Sonja
 12084 | Lair:1   | Reached XP level 13. HP: 83/87 MP: 13/13
 12595 | Lair:2   | Received a gift from Trog
 12979 | Lair:2   | Found a deep blue altar of Sif Muna.
 13133 | Lair:2   | Reached skill level 13 in Fighting
 13517 | Lair:3   | Found a hole to the Spider Nest.
 14316 | Lair:4   | Identified a scroll of acquirement
 14343 | Lair:4   | Found a staircase to the Swamp.
 14461 | Lair:4   | Reached ****** piety under Trog
 14464 | Lair:4   | Gained mutation: Your large and strong wings let you fly
                  | indefinitely. [Gargoyle growth]
 14464 | Lair:4   | Reached XP level 14. HP: 93/95 MP: 14/14
 14470 | Lair:4   | Received a gift from Trog
 14589 | Lair:4   | Found a frozen archway.
 15274 | Lair:5   | Found a runed translucent gate.
 15275 | Lair:5   | Found a runed translucent gate.
 15276 | Lair:5   | Found a runed translucent gate.
 15276 | Lair:5   | Noticed Panli's ghost (journeyman CeAM)
 15398 | Lair:5   | Noticed Rupert
 15422 | Lair:5   | Killed Rupert
 15422 | Lair:5   | Reached skill level 14 in Fighting
 15551 | Lair:5   | Reached skill level 10 in Dodging
 16032 | Lair:6   | Entered Level 6 of the Lair of Beasts
 16351 | Lair:6   | Received a gift from Trog
 17066 | Lair:6   | Reached XP level 15. HP: 86/101 MP: 15/15
 17139 | Lair:6   | Identified the Almanac of Talismans and Poison
 17558 | Lair:6   | Found a staircase to the Slime Pits.
 18242 | D:11     | Noticed Erica
 18252 | D:11     | Killed Erica
 18272 | D:11     | Noticed Josephine
 18284 | D:11     | Killed Josephine
 18392 | D:11     | Noticed Urug
 18409 | D:11     | Killed Urug
 18409 | D:11     | Reached skill level 15 in Fighting
 18465 | D:11     | Noticed Maurice
 18470 | D:11     | Killed Maurice
 18564 | D:11     | Noticed Grum
 18575 | D:11     | Killed Grum
 18661 | D:11     | Found a staircase to the Orcish Mines.
 18662 | D:11     | Found Rytun's Weapon Shop.
 18663 | D:11     | Found Gitisch's Armour Shop.
 18664 | D:11     | Received a gift from Trog
 18798 | D:11     | Bought the +9 executioner's axe of Peace {holy, Str+4 Int-5
                  | Stlth+} for 919 gold pieces
 18876 | D:11     | Noticed Nergalle
 18896 | D:11     | Killed Nergalle
 19036 | D:11     | Found a large runed translucent door.
 19036 | D:11     | Found a large runed translucent door.
 19037 | D:11     | Noticed komi's ghost (journeyman OpBe)
 19116 | D:12     | Noticed Fannar
 19138 | D:12     | Killed Fannar
 20276 | D:13     | Received a gift from Trog
 20330 | D:14     | Found a gate to the Vaults.
 20330 | D:14     | Noticed Nessos
 20479 | D:14     | Killed Nessos
 21087 | D:14     | Reached XP level 16. HP: 46/109 MP: 16/16
 22177 | D:15     | Entered Level 15 of the Dungeon
 22248 | D:15     | Received a gift from Trog
 22349 | D:15     | Found a basalt altar of Yredelemnul.
 22457 | D:15     | Reached skill level 16 in Fighting
 22869 | D:15     | Found a staircase to the Depths.
 22922 | D:15     | Reached skill level 15 in Armour
 23516 | Orc:1    | Entered Level 1 of the Orcish Mines
 23737 | Orc:1    | Found a roughly hewn altar of Beogh.
 24072 | Orc:1    | Found a runed translucent door.
 24182 | Orc:1    | Noticed Bargorn's ghost (journeyman MiGl)
 24192 | Orc:1    | Killed Bargorn's ghost
 24192 | Orc:1    | Received a gift from Trog
 24381 | Orc:2    | Entered Level 2 of the Orcish Mines
 24385 | Orc:2    | Noticed Snorg
 24411 | Orc:2    | Killed Snorg
 24568 | Orc:2    | Found a radiant altar of Vehumet.
 24730 | Orc:2    | Found Xomnirohi's Assorted Antiques.
 24761 | Orc:2    | Found a staircase to the Elven Halls.
 25350 | Orc:2    | Received a gift from Trog
 25748 | Orc:2    | Found Oquff's Book Shop.
 25748 | Orc:2    | Found Nedosh's General Store.
 25750 | Orc:2    | Found Gucwuhaa's Book Emporium.
 25752 | Orc:2    | Found Litz's Assorted Antiques.
 25757 | Orc:2    | Bought a potion of heal wounds for 65 gold pieces
 26128 | Swamp:1  | Entered Level 1 of the Swamp
 26224 | Swamp:1  | Noticed Aizul
 26251 | Swamp:1  | Reached XP level 17. HP: 93/116 MP: 17/17
 26260 | Swamp:1  | Killed Aizul
 26684 | Swamp:1  | Noticed Frances
 26696 | Swamp:1  | Killed Frances
 28769 | Swamp:3  | Reached skill level 17 in Fighting
 28795 | Swamp:3  | Received a gift from Trog
 28809 | Swamp:3  | HP: 5/175 [alligator[a spriggan druid] (30)]
 28811 | Swamp:3  | Mangled by an alligator

Skill      XL: |  1  2  3  4  5  6  7  8  9 10 11 12 13 14 15 16 17 |
---------------+----------------------------------------------------+-----
Axes           | 3 4 5 6 8 10 11 12 13 14 | 14.7
Dodging        | 2 3 4 6 7 8 9 10 11 12 | 12.7
Fighting       | 4 5 7 8 9 12 13 14 15 16 17 | 17.0
Armour         | 3 4 5 6 7 9 10 12 13 14 15 | 15.9

Action                   |  1- 3 |  4- 6 |  7- 9 | 10-12 | 13-15 | 16-18 || total
-------------------------+-------+-------+-------+-------+-------+-------++-------
Melee: Hand axe          |   112 |   301 |   647 |   176 |       |       ||  1236
       War axe           |       |       |       |   302 |   963 |   842 ||  2107
       Executioner's axe |       |       |       |       |    45 |       ||    45
Invok: Berserk           |     1 |     2 |     7 |     2 |     4 |     8 ||    24
       Trog's Hand       |       |       |     2 |       |       |       ||     2
       Brothers in Arms  |       |       |     1 |       |     1 |     3 ||     5
 Abil: Fly               |       |       |       |       |     1 |       ||     1
  Use: Scroll            |       |       |       |    24 |    10 |     4 ||    38
       Potion            |       |       |       |     1 |     2 |     5 ||     8
 Stab: Sleeping          |     1 |       |       |       |       |       ||     1
       Petrified         |       |       |       |       |     3 |     1 ||     4
  Eat: Chunk             |     1 |     7 |    19 |    24 |    33 |    30 ||   114
       Ration            |       |       |     2 |     1 |       |       ||     3
Armor: Animal skin       |    42 |       |       |       |       |       ||    42
       Chain mail        |    41 |   246 |    52 |       |       |       ||   339
       Plate armour      |       |       |   434 |   437 |   929 |   680 ||  2480
Dodge: Dodged            |    84 |   158 |   336 |   297 |   765 |   594 ||  2234
